 Dungeon Crawl Stone Soup version 0.31-a0-18-gea43df2a32 (webtiles) character file.

Game seed: 4112229592094273391

3637 bande the Cleaver (level 10, -8/61 HPs)
             Began as a Gargoyle Fighter on May 9, 2023.
             Was a Believer of Okawaru.
             Mangled by a wyvern (13 damage)
             ... on level 7 of the Dungeon.
             The game lasted 00:11:53 (8567 turns).

bande the Cleaver (Gargoyle Fighter)                Turns: 8567, Time: 00:11:53

Health: -8/61      AC: 21    Str: 20    XL:     10   Next: 11%
Magic:  12/12      EV:  8    Int:  9    God:    Okawaru [**....]
Gold:   457        SH:  5    Dex: 13    Spells: 9/9 levels left

rFire   . . .        a - +1 war axe
rCold   . . .        c - +0 buckler
rNeg    + . .        l - +0 chain mail
rPois   ∞            d - +1 helmet
rElec   +            g - +0 cloak
rCorr   .            (no gloves)
SInv    .            (no boots)
Will    .....        f - amulet of faith Stlth
                     (no ring)
HPRegen 0.30/turn    (no ring)
MPRegen 0.13/turn

%: faith
@: attractive, mesmerised
A: sickness immunity, AC +7, negative energy resistance 1, electricity
resistance, torment resistance 1, petrification resistance, mutation resistance
1
a: Renounce Religion, Heroism


You were on level 7 of the Dungeon.
You worshipped Okawaru.
Okawaru was pleased with you.
You visited 2 branches of the dungeon, and saw 8 of its levels.

You collected 457 gold pieces.

Inventory:

Hand Weapons
 a - a +1 war axe (weapon)
 h - a +0 morningstar
 j - a +0 war axe
Armour
 c - a +0 buckler (worn)
 d - a +1 helmet (worn)
 g - a +0 cloak (worn)
 l - a +0 chain mail (worn)
Jewellery
 f - an amulet of faith (around neck)
 n - an amulet of the acrobat
 v - an amulet of guardian spirit
Wands
 x - a wand of digging (8)
Scrolls
 e - a scroll of enchant weapon
 q - 2 scrolls of poison
 r - 3 scrolls of teleportation
 s - 2 scrolls of amnesia
 t - a scroll of fog
Potions
 k - a potion of invisibility {unknown}
 m - a potion of mutation
 o - 2 potions of haste {unknown}
 u - a potion of resistance {unknown}
 w - a potion of ambrosia {unknown}


   Skills:
 + Level 6.7 Fighting
 + Level 9.1 Axes
 + Level 7.7 Armour
 + Level 5.7 Shields
 * Level 3.0 Invocations
 * Level 2.8 Evocations


You had 9 spell levels left.
You didn't know any spells.
Your spell library contained the following spells:

 Spells                   Type           Power      Damage    Failure   Level
 Magic Dart               Conj           0%         1d3       97%         1
 Mephitic Cloud           Conj/Pois/Air  0%         N/A       100%        3
 Call Imp                 Summ           Unusable   N/A       N/A         2
 Summon Ice Beast         Ice/Summ       Unusable   N/A       N/A         4
 Summon Mana Viper        Hex/Summ       Unusable   N/A       N/A         5
 Monstrous Menagerie      Summ           Unusable   N/A       N/A         7

Dungeon Overview and Level Annotations

Branches:
Dungeon (7/15)             Temple (1/1) D:6

Altars:
Ashenzari
Cheibriados
Dithmenos
Elyvilon
Gozag
Hepliaklqana
Kikubaaqudgha
Makhleb
Nemelex Xobeh
Okawaru
Qazlal
Ru
Sif Muna
Trog
Vehumet
Wu Jian
Xom
Yredelemnul
Zin
The Shining One

Shops:
D:2 (   D:4 =

Annotations:
D:4 2 transporters, passusers's ghost, amateur MiBe
D:7 Maggie


Innate Abilities, Weirdness & Mutations

You are immune to sickness and miasma.
Your stone body is resilient. (AC +7)
You are immune to poison.
You resist negative energy. (rN+)
You are resistant to electric shocks. (rElec)
You are resistant to unholy torment.
You are immune to petrification.
You are somewhat resistant to further mutation.


Message History

Maggie barely misses you. The wyvern bites you.
Unknown command.
You slash the wyvern!
The wyvern is heavily wounded.
You closely miss something. You hit Maggie.
You hit the kobold brigand but do no damage.
The wyvern bites you.
The kobold brigand hits you but does no damage.
Something hits you but does no damage. You block Maggie's attack.
The wyvern barely misses you.
You hit the wyvern.
The wyvern is heavily wounded.
You slash Maggie! You closely miss the kobold brigand.
You hit something but do no damage. The kobold brigand closely misses you.
Maggie gestures at you while chanting. The bolt of fire hits you!
* * * LOW HITPOINT WARNING * * *
You hear some strange, mumbled words.
A magic dart appears from out of thin air!
The magic dart hits you.
* * * LOW HITPOINT WARNING * * *
You block the wyvern's attack.
You feel better. The wyvern barely misses you.
The kobold brigand hits you with a +0 short sword.
* * * LOW HITPOINT WARNING * * *
You block something's attack. Maggie hits you but does no damage.
The wyvern bites you but does no damage.
It was a potion of attraction.
You feel attractive to monsters.
The kobold brigand hits you but does no damage.
You hear some strange, mumbled words.
Something tries to affect you, but you resist.
Maggie hits you with a +2 war axe of draining!
* * * LOW HITPOINT WARNING * * *
The wyvern bites you but does no damage.
You hit Maggie but do no damage.
Maggie is almost dead.
You closely miss the kobold brigand. You hit something. You slash the wyvern!
The wyvern bites you!
You die...

... .. .. ### .# ....
###.. .# ... ..##.... .#
..# ##. .... .#####.#
#..##..# . .##.#..#
#......###.....
.......#####...)K{.#.....
......###.......@l)).....
##....[.........#@......#
........#...##..##.....##
.......####...........!..
...<##.####.......$......
..)......................
...#)[.###...............
...#.[######.............
..##...#.# #........##...


You could see Maggie (mesmerising), a wyvern and a kobold brigand.

Vanquished Creatures
  A hornet (D:6)
  Grinder (D:3)
  Sigmund (D:3)
  Edmund (D:5)
  A sky beast (D:6)
  6 ice beasts
  3 orc warriors
  4 black bears
  2 ogres (D:5)
  2 phantoms
  3 scorpions
  A gnoll sergeant (D:7)
  A howler monkey (D:5)
  6 electric eels (D:5)
  A jelly (D:7)
  3 hounds
  4 orc priests
  Crazy Yiuf (D:3)
  4 iguanas
  8 orc wizards
  Robin (D:3)
  5 gnolls
  12 adders
  A shadow imp (D:5)
  A white imp (D:6)
  An ufetubus (D:5)
  4 dart slugs
  23 orcs
  8 ball pythons
  9 endoplasms
  2 giant cockroaches (D:1)
  12 goblins
  4 hobgoblins
  4 jackals (D:2)
  16 kobolds
  6 quokkas
  8 bats
  5 frilled lizards
  10 rats
186 creatures vanquished.

Vanquished Creatures (others)
  A kobold (D:7)
1 creature vanquished.

Grand Total: 187 creatures vanquished

Notes
Turn   | Place    | Note
-------+----------+-------------------------------------------
     0 | D:1      | bande the Gargoyle Fighter began the quest for the Orb.
     0 | D:1      | Reached XP level 1. HP: 14/14 MP: 1/1
   107 | D:1      | Reached XP level 2. HP: 9/19 MP: 2/2
   168 | D:1      | Reached skill level 2 in Axes
   467 | D:1      | Reached XP level 3. HP: 22/23 MP: 3/3
   868 | D:1      | Found a faded altar of an unknown god.
  1166 | D:2      | Reached XP level 4. HP: 27/29 MP: 4/4
  1389 | D:2      | Found Axkulear's Weapon Boutique.
  1489 | D:2      | Reached skill level 3 in Axes
  1755 | D:2      | Reached XP level 5. HP: 32/33 MP: 5/5
  1945 | D:3      | Found a runed translucent door.
  1946 | D:3      | Noticed Crazy Yiuf
  1970 | D:3      | Found an ornate altar of the Wu Jian Council.
  2194 | D:3      | Found an opulent altar of Gozag.
  2222 | D:3      | Noticed Sigmund
  2232 | D:3      | Killed Sigmund
  2233 | D:3      | Reached skill level 4 in Axes
  2233 | D:3      | Reached XP level 6. HP: 17/38 MP: 6/6
  2259 | D:3      | Noticed Robin
  2266 | D:3      | Killed Robin
  2769 | D:3      | Noticed Grinder
  2783 | D:3      | Paralysed by Grinder for 5 turns
  2794 | D:3      | Killed Grinder
  2795 | D:3      | Reached skill level 5 in Axes
  2795 | D:3      | Reached skill level 5 in Armour
  2795 | D:3      | Reached XP level 7. HP: 26/44 MP: 7/7
  3185 | D:3      | Killed Crazy Yiuf
  3279 | D:4      | Noticed passusers's ghost (amateur MiBe)
  3280 | D:4      | Found a transporter.
  3281 | D:4      | Identified the +6 dire flail "Vounn" {freeze, rF+ Dex+4}
  3284 | D:4      | Found a transporter.
  3416 | D:4      | Found Jiloh's Jewellery Boutique.
  3771 | D:4      | Identified the +3 short sword "Myiriton" {flame, Str+3
                  | Dex+4 Stlth-}
  3929 | D:5      | Entered Level 5 of the Dungeon
  3941 | D:5      | Reached skill level 6 in Axes
  3941 | D:5      | Reached XP level 8. HP: 40/48 MP: 8/8
  4093 | D:5      | Reached skill level 5 in Fighting
  4096 | D:5      | Gained mutation: You are dopey. (Int -2) [potion of
                  | mutation]
  4096 | D:5      | Lost mutation: You are dopey. (Int -2) [potion of mutation]
  4096 | D:5      | Gained mutation: You are somewhat resistant to further
                  | mutation. [potion of mutation]
  4209 | D:5      | Found a snail-covered altar of Cheibriados.
  4883 | D:5      | Reached skill level 7 in Axes
  5074 | D:5      | Reached skill level 5 in Shields
  5471 | D:5      | Reached XP level 9. HP: 30/55 MP: 9/9
  6046 | D:6      | Reached skill level 8 in Axes
  6160 | D:6      | Found a staircase to the Ecumenical Temple.
  6177 | Temple   | Entered the Ecumenical Temple
  6194 | Temple   | Became a worshipper of Warmaster Okawaru
  6229 | D:6      | Reached skill level 1 in Evocations
  6303 | D:6      | Noticed Edmund
  6364 | D:5      | Reached skill level 1 in Invocations
  6746 | D:5      | Killed Edmund
  7049 | D:6      | Reached * piety under Okawaru
  7067 | D:6      | Found a shimmering altar of Xom.
  7069 | D:6      | Found an ancient bone altar of Kikubaaqudgha.
  7131 | D:6      | Found a sparkling altar of Nemelex Xobeh.
  7134 | D:6      | Found a basalt altar of Yredelemnul.
  7593 | D:7      | Noticed a hornet
  7615 | D:6      | Killed a hornet
  7615 | D:6      | Reached ** piety under Okawaru
  7616 | D:6      | Reached XP level 10. HP: 29/61 MP: 11/11
  7994 | D:6      | Reached skill level 9 in Axes
  8538 | D:7      | Noticed Maggie
  8567 | D:7      | Mangled by a wyvern

Illustrated notes

Levels and vault maps discovered:
D:1:      spicycebolla_arrival_clurvy, layout_loops_ring, serial_bayou,
          serial_bayou_crossing, serial_bayou_shore_b, serial_bayou_ford_a,
          serial_bayou_shore_b, hellmonk_ecumenical_altar_defaced_shrine,
          lexackson_kobold_supper
D:2:      layout_basic, serial_shops, nicolae_shop_bloodbath_and_beyond,
          nicolae_half_adder
D:3:      layout_loops_corners, general_overflow_altar,
          nicolae_wu_jian_immortal_techniques, kennysheep_generic_room_3,
          uniq_grinder, uniq_robin, uniq_crazy_yiuf_cottage, uniq_sigmund
D:4:      layout_loops_cross, gammafunk_ghost_smash, serial_shops,
          shop_fountains
D:5:      cheibrodos_two_vegetables, layout_basic, amcnicky_altar_gilded,
          grunt_decor_fettered, corner_web_ring, nicolae_titane
D:6:      layout_basic, grunt_temple_overflow_open, minmay_temple_entry_slanted,
          uniq_edmund
D:7:      layout_cave_pools, nicolae_nh_ransacked_shop, uniq_maggie
Temple:   nicolae_temple_ecumenical_triangle

Skill      XL: |  1  2  3  4  5  6  7  8  9 10 |
---------------+-------------------------------+-----
Axes           | 2 3 4 5 6 7 8 9 |  9.1
Armour         | 4 5 6 7 |  7.7
Fighting       | 4 5 6 |  6.7
Shields        | 4 5 |  5.7
Evocations     | 2 |  2.8
Invocations    | 2 3 |  3.0

Action                     |  1- 3 |  4- 6 |  7- 9 | 10-12 || total
---------------------------+-------+-------+-------+-------++-------
  Melee: War axe           |   121 |   128 |   382 |    65 ||   696
    Use: Scroll            |     4 |     2 |     5 |       ||    11
         Potion            |       |     1 |     4 |     2 ||     7
 Armour: Scale mail        |    66 |    89 |   252 |    16 ||   423
         Chain mail        |       |       |       |    48 ||    48
  Dodge: Dodged            |    52 |    50 |   169 |    32 ||   303
  Block: Buckler           |    31 |    30 |   103 |    21 ||   185

Table legend: (Time is in decaauts)
 A = Elapsed time spent in this place.
 B = Non-inter-level travel time spent in this place.
 C = Inter-level travel time spent in this place.
 D = Time resting spent in this place.
 E = Time spent auto-exploring this place.
 F = Levels seen in this place.
 G = Mean time per level.
                   A        B        C        D        E       F      G
               +--------+--------+--------+--------+--------+-----+--------+
         Total |   8790 |   8673 |    117 |   2471 |   4496 |   8 | 1098.8 |
       Dungeon |   8755 |   8638 |    117 |   2471 |   4493 |   7 | 1250.7 |
        Temple |     34 |     34 |      0 |      0 |      3 |   1 |   34.0 |
               +--------+--------+--------+--------+--------+-----+--------+

Top non-repeatable levels by time:
     D:5: 2530 daAuts
     D:6: 1873 daAuts
     D:3: 1373 daAuts
     D:1: 1039 daAuts
     D:2: 969 daAuts
     D:4: 688 daAuts
     D:7: 280 daAuts
  Temple: 34 daAuts
